 Dungeon Crawl Stone Soup version 0.29.1-1-gd02db6906a (webtiles) character file.

Game seed: 8655974821390405902

43 MisterFreud the Twirler (level 3, -10/27 HPs)
             Began as a Formicid Gladiator on Sept 29, 2022.
             Killed by nerve-wracking pain
             ... invoked by an orc priest
              (14 damage)
             ... on level 1 of the Dungeon.
             The game lasted 00:02:06 (1854 turns).

MisterFreud the Twirler (Formicid Gladiator)        Turns: 1854, Time: 00:02:06

Health: -10/27     AC:  3    Str: 20    XL:     3   Next: 82%
Magic:  3/3        EV: 12    Int: 13    God:
Gold:   90         SH:  0    Dex: 15    Spells: 2/2 levels left

rFire   . . .      SeeInvis +   a - +0 quarterstaff
rCold   . . .      Faith    .   (no shield)
rNeg    . . .      Spirit   .   b - +0 leather armour
rPois   .          Reflect  .   (helmet unavailable)
rElec   .          Harm     .   (no cloak)
rCorr   .          Rampage  .   (no gloves)
Will    .....                   (no boots)
Stlth   +.........              (no amulet)
HPRegen 0.09/turn               j - +6 ring of intelligence
MPRegen 0.08/turn               (no ring)

@: no status effects
A: permanent stasis, dig shafts and tunnels, antennae 3, four strong arms
a: Dig, Shaft Self


You were on level 1 of the Dungeon.
You visited 1 branch of the dungeon, and saw 2 of its levels.

You collected 90 gold pieces.

Inventory:

Hand Weapons
 a - a +0 quarterstaff (weapon)
Missiles
 c - 3 throwing nets (quivered)
 d - a javelin
Armour
 b - a +0 leather armour (worn)
Jewellery
 j - a +6 ring of intelligence (left hand)
 k - a ring of positive energy
Wands
 g - a wand of acid (10)
Scrolls
 h - 3 scrolls of fog
Potions
 e - a potion of heal wounds {unknown}
 f - 2 potions of haste {unknown}
 i - a potion of curing {unknown}
 m - a potion of mutation {unknown}


   Skills:
 - Level 2.1 Fighting
 + Level 4.5 Staves
 - Level 2.0 Throwing
 - Level 2.6 Dodging


You had 2 spell levels left.
You didn't know any spells.
Your spell library was empty.

Dungeon Overview and Level Annotations

Branches:
Dungeon (2/15)

Altars:


Innate Abilities, Weirdness & Mutations

You cannot be hasted, slowed, berserked, paralysed or teleported.
You can dig through walls and to a lower floor.
You have a pair of large antennae on your head. (SInv)
Your four strong arms can wield two-handed weapons with a shield.


Message History

You climb downwards.
There is a stone staircase leading up here.
Found a scale mail.
Found a trident.
You sense a monster nearby.
g - a wand of acid (10)
You sense a monster nearby.
You see here a ring of positive energy.
k - a ring of positive energy The orc priest shouts!
You hear a shout!
You start waiting.
An orc priest is nearby!
The orc priest mumbles some strange prayers to Beogh against you.
Beogh smites you!
The orc priest looks satisfied for a moment.
The orc priest calls down the wrath of Beogh upon you.
Beogh smites you!
* * * LOW HITPOINT WARNING * * *
There is a stone staircase leading up here.
You climb upwards.
There is a stone staircase leading down here.
You start resting.
HP restored.
You climb downwards.
The orc priest calls down the wrath of Beogh upon you.
Beogh smites you!
Ouch! That really hurt!
There is a stone staircase leading up here.
The orc priest hits you with a +0 falchion.
* * * LOW HITPOINT WARNING * * *
You climb upwards.
There is a stone staircase leading down here.
You barely miss the orc priest.
The orc priest hits you with a +0 falchion.
* * * LOW HITPOINT WARNING * * *
You closely miss the orc priest.
The orc priest invokes the aid of Beogh against you.
Pain shoots through your body!
Ouch! That really hurt!
You die...

######## ##.....[#
######...###o#######
#...........@..)...##########
#.####...###.................
#.# ##.## ################..
#.# #.# #.)..... #.# #.#
#.##.... #.# #.# ##.##....
#.#####.# ##..####..
#....##.# #...## #..
####.##.# ######.##.# #.#


You could see an orc priest.

Vanquished Creatures
  A dart slug (D:1)
  An orc (D:1)
  6 bats (D:1)
  2 endoplasms (D:1)
  3 goblins (D:1)
  7 hobgoblins (D:1)
  5 jackals (D:1)
  3 quokkas (D:1)
  2 ball pythons (D:1)
  A frilled lizard (D:1)
  A kobold (D:1)
  A rat (D:1)
33 creatures vanquished.

Vanquished Creatures (others)
  28 plants (D:1)
28 creatures vanquished.

Grand Total: 61 creatures vanquished

Notes
Turn   | Place    | Note
-------+----------+-------------------------------------------
     0 | D:1      | MisterFreud the Formicid Gladiator began the quest for the
                  | Orb.
     0 | D:1      | Reached XP level 1. HP: 16/16 MP: 1/1
   196 | D:1      | Reached XP level 2. HP: 19/22 MP: 2/2
   707 | D:1      | Reached skill level 4 in Staves
   707 | D:1      | Reached XP level 3. HP: 25/27 MP: 3/3
   913 | D:1      | Found a faded altar of an unknown god.
  1854 | D:1      | Killed from afar by an orc priest

Illustrated notes

Levels and vault maps discovered:
D:1:      amcnicky_arrival_choice, layout_loops_ring,
          ebering_ecumenical_altar_hall, serial_bayou_lake_a
D:2:      layout_rooms, nicolae_eternal_life, minmay_increasing_density

Skill      XL: |  1  2 |
---------------+-------+-----
Staves         | 4 |  4.5
Fighting       | |  2.1
Throwing       | |  2.0
Dodging        | |  2.6

Action                   || total
-------------------------++-------
Melee: Quarterstaff      ||   103
       Punch             ||     2
  Use: Scroll            ||     5
Armor: Leather armour    ||    29
Dodge: Dodged            ||    97
